 Dungeon Crawl Stone Soup version 0.14.2 (webtiles) character file.

774 sudo the Slasher (level 7, -2/62 HPs)
             Began as a Naga Fighter on June 27, 2016.
             Was an Initiate of Nemelex Xobeh.
             Slain by a centaur (6 damage)
             ... on Level 5 of the Dungeon.
             The game lasted 00:08:30 (4555 turns).

sudo the Slasher (Naga Fighter)                     Turns: 4555, Time: 00:08:31

HP  -2/62        AC  6     Str 20      XL: 7   Next: 42%
MP   7/7         EV  7     Int  8      God: Nemelex Xobeh [......]
Gold 171         SH  0     Dex 11      Spells:  0 memorised,  6 levels left

rFire  . . .     SeeInvis +     t - +5,+2 long sword (slice)
rCold  . . .     Clarity  .     b - +0 scale mail
rNeg   . . .     Conserve .     (no shield)
rPois  +         rCorr    .     (no helmet)
rElec  .         rRot     .     (no cloak)
SustAb . .       Spirit   .     (no gloves)
rMut   .         Warding  .     (no barding)
Saprov . . .     Stasis   .     (no amulet)
MR     .....                    (no ring)
                                i - ring of sustenance

@: very slow, not resistant to hostile enchantments, extremely unstealthy
A: spit poison, see invisible, deformed body, poison resistance, slowness 2, AC
+2
a: Spit Poison, Renounce Religion


You were on level 5 of the Dungeon.
You worshipped Nemelex Xobeh.
Nemelex Xobeh was noncommittal.
You were not hungry.

You visited 1 branch of the dungeon, and saw 5 of its levels.

You collected 171 gold pieces.

Inventory:

Hand weapons
 a - a +0,+0 long sword
 t - a +5,+2 long sword of slicing (weapon)
Armour
 b - a +0 scale mail (worn)
 c - a +0 plate armour
 w - a +0 buckler
Magical devices
 x - a wand of polymorph (7)
Comestibles
 d - 3 bread rations
 f - a choko
 n - 2 meat rations
Scrolls
 l - a scroll of fog
 m - 4 scrolls of amnesia
 p - 4 scrolls of remove curse
 s - a scroll of fear
 u - 2 scrolls of blinking
Jewellery
 i - a ring of sustenance (left hand)
Potions
 e - 2 potions of might
 j - a potion of brilliance {unknown}
 k - 4 potions of curing
 q - a potion of confusion
 r - a potion of paralysis
 z - a potion of agility
Books
 y - a book of the Warp

   Spells                             Type                      Level
   Control Teleport                   Charms/Translocation         4
   Phase Shift                        Translocation                5
   Warp Weapon                        Charms/Translocation         5
   Summon Forest                      Summoning/Translocation      5
   Dispersal                          Translocation                6
   Controlled Blink                   Translocation                7
   Disjunction                        Translocation                8
Miscellaneous
 g - a plain deck of war {drawn: 2}
 h - a plain deck of destruction


   Skills:
 + Level 3.5 Fighting
 * Level 4.5 Long Blades
 + Level 4.0 Armour
 + Level 3.0 Dodging
 - Level 1.2 Stealth
   Level 3.0 Shields
 + Level 0.2 Evocations


You had 6 spell levels left.
You didn't know any spells.

Dungeon Overview and Level Annotations

Branches:
Dungeon (5/15)
 Temple: D:4-7

Altars:
Elyvilon
Kikubaaqudgha
Nemelex Xobeh


Innate Abilities, Weirdness & Mutations

You cannot wear boots.
You can spit poison.
Your serpentine skin is tough (AC +2).
You have supernaturally acute eyesight.
Armour fits poorly on your strangely shaped body.
Your system is resistant to poisons.
You cover ground very slowly.


Message History

The centaur hits you. x2
You slash the centaur!
The centaur is severely wounded.
The centaur hits you but does no damage.
The centaur hits you!
* * * LOW HITPOINT WARNING * * *
You are too injured to fight recklessly!
You are too injured to fight recklessly!
You are too injured to fight recklessly!
You barely miss the centaur.
The centaur is severely wounded.
The centaur hits you.
* * * LOW HITPOINT WARNING * * *
You hit the centaur.
The centaur is almost dead.
The centaur hits you.
* * * LOW HITPOINT WARNING * * *
The centaur hits you.
You die...
Your body disappears without a glow.

.#.......#. #.#
##.#.....# #.#
...#####.#
#####.## ...'.# .#
#......# ...#.#
#......# ...+.#
###.[....# ...###
#........# ...#
#......c.# ...#
#......@#
...#########.....#
#.......# #....(#
....###.# #....(#
....# ...>..##(#
....# ..... #.#
....# ..... #(#
....# ...... #.#
....###.... #.#


You could see a centaur.

Vanquished Creatures
  An ogre (D:4)
  A centaur (D:5)
  2 vampire bats (D:3)
  2 hounds
  An orc priest (D:5)
  4 worker ants
  Ijyb (D:5)
  7 adders
  An inept feature mimic (D:4)
  A worm (D:4)
  5 giant geckos
  3 oozes
  3 orcs
  A ball python (D:2)
  3 bat skeletons
  4 bat zombies (D:3)
  13 goblins
  5 hobgoblins
  4 jackals (D:2)
  2 quokkas
  12 bats
  6 giant cockroaches
  4 giant newts
  11 kobolds
  10 rats
107 creatures vanquished.

Vanquished Creatures (others)
  A quokka (D:5)
1 creature vanquished.

Grand Total: 108 creatures vanquished

Notes
Turn   | Place    | Note
--------------------------------------------------------------
     0 | D:1      | sudo, the Naga Fighter, began the quest for the Orb.
     0 | D:1      | Reached XP level 1. HP: 21/21 MP: 1/1
   172 | D:1      | Reached XP level 2. HP: 21/28 MP: 2/2
   987 | D:1      | Reached XP level 3. HP: 20/34 MP: 3/3
  1244 | D:2      | Reached skill level 1 in Dodging
  1434 | D:2      | Reached skill level 1 in Stealth
  1434 | D:2      | Reached XP level 4. HP: 33/42 MP: 4/4
  2651 | D:3      | Reached XP level 5. HP: 44/49 MP: 5/5
  2974 | D:3      | Found an ancient bone altar of Kikubaaqudgha.
  3151 | D:3      | Found a sparkling altar of Nemelex Xobeh.
  3239 | D:3      | Became a worshipper of Nemelex Xobeh the Trickster
  3353 | D:3      | Reached XP level 6. HP: 45/56 MP: 6/6
  3644 | D:4      | Found a sand-covered staircase.
  3670 | D:4      | the sand-covered staircase was a mimic.
  3697 | D:4      | Found a sparkling altar of Nemelex Xobeh.
  3748 | D:4      | Received a gift from Nemelex Xobeh
  4070 | D:4      | Reached skill level 4 in Long Blades
  4081 | D:4      | Reached XP level 7. HP: 49/62 MP: 7/7
  4188 | D:5      | Entered Level 5 of the Dungeon
  4232 | D:5      | Found a white marble altar of Elyvilon.
  4233 | D:5      | Noticed Ijyb
  4242 | D:5      | Killed Ijyb
  4555 | D:5      | Slain by a centaur

Action                   |  1- 3 |  4- 6 |  7- 9 || total
-------------------------+-------+-------+-------++-------
Melee: Long sword        |   118 |   229 |    49 ||   396
 Abil: Spit Poison       |     5 |     2 |       ||     7
Evoke: Deck              |       |     1 |     1 ||     2
       Wand              |       |     1 |       ||     1
  Use: Scroll            |       |    15 |       ||    15
       Potion            |       |     1 |     2 ||     3
